 Dungeon Crawl Stone Soup version 0.20.1-1-g8b1a95d (webtiles) character file.

207 Schiappus the Skirmisher (level 5, -1/42 HPs)
             Began as a Demonspawn Abyssal Knight on Oct 12, 2017.
             Was a Believer of Lugonu.
             Killed from afar by an orc wizard (8 damage)
             ... with a magic dart
             ... on level 4 of the Dungeon.
             The game lasted 00:14:46 (3578 turns).

Schiappus the Skirmisher (DsAK)                     Turns: 3578, Time: 00:14:47

Health: -1/42      AC:  4    Str: 13    XL:     5   Next: 54%
Magic:  6/6        EV: 10    Int: 14    God:    Lugonu [**....]
Gold:   169        SH:  9    Dex: 12    Spells: 4/4 levels left

rFire    . . .     SeeInvis .   a - +2 hand axe
rCold    . . .     Gourm    .   h - +1 buckler
rNeg     . . .     Faith    .   n - -2 ring mail (curse)
rPois    .         Spirit   .   (no helmet)
rElec    .         Reflect  .   i - +0 cloak
rCorr    .         Harm     .   (no gloves)
MR       .....                  (no boots)
Stlth    +.........             (no amulet)
Regen    0.2/turn               (no ring)
MPRegen  0.1/turn               (no ring)

@: no status effects
A: large bone plates 1
a: Depart the Abyss, Bend Space, Renounce Religion


You were on level 4 of the Dungeon.
You worshipped Lugonu.
Lugonu was pleased with you.
You were not hungry.

You visited 1 branch of the dungeon, and saw 4 of its levels.
You visited the Abyss 1 time.

You collected 169 gold pieces.

Inventory:

Hand Weapons
 a - a +2 hand axe (weapon)
Armour
 b - a +0 leather armour
 h - a +1 buckler (worn)
 i - a +0 cloak (worn)
 n - a cursed -2 ring mail (worn)
Scrolls
 e - 3 scrolls of identify
 k - a scroll of teleportation
Potions
 f - a potion of cancellation
 g - 2 potions of heal wounds
Comestibles
 c - 3 bread rations
 d - 2 meat rations
 j - a chunk of flesh
 l - 2 royal jellies


   Skills:
 + Level 3.9 Fighting
 + Level 3.3 Axes
 + Level 2.7 Armour
 + Level 1.5 Dodging
 + Level 0.4 Stealth
 + Level 1.6 Shields
 + Level 2.4 Invocations


You had 4 spell levels left.
You didn't know any spells.

Dungeon Overview and Level Annotations

Branches:
Dungeon (4/15)
 Temple: D:4-7

Altars:
Cheibriados
Elyvilon
Ru
Uskayaw
Vehumet

Annotations:
D:4 Eustachio


Innate Abilities, Weirdness & Mutations

You are partially covered in large bone plates. (SH +4)


Message History

You kill the river rat!
The river rat's corpse disappears in a puff of smoke!
You hit Eustachio but do no damage. You hit the orc but do no damage.
You hit the river rat.
You kill the river rat!
The river rat's corpse disappears in a puff of smoke!
The ufetubus closely misses you. The ufetubus barely misses you.
The orc barely misses you. Eustachio hits you with a falchion!
* * * LOW HITPOINT WARNING * * *
You hit the ufetubus.
The ufetubus is lightly wounded.
You hit Eustachio. You hit the orc but do no damage.
The ufetubus barely misses you. The ufetubus hits you.
* * * LOW HITPOINT WARNING * * *
You block the orc's attack.
Eustachio gestures wildly while chanting.
Eustachio blinks!
The orc wizard points at you and mumbles some strange words.
The magic dart hits you!
You die...

...............#
...............+
.......<..>....#
...............#########
##+########.............
+.............
#....5........
#...W@55......
######@......# #†o.....#
+.......# #oo.....#
#o......# ...###### ...+
o...# ....#


You could see Eustachio, a phantom, an orc wizard, a crimson imp, a shadow imp,
3 orcs and an ufetubus.

Vanquished Creatures
  Crazy Yiuf (D:2)
  An orc wizard (D:3)
  Terence (D:3)
  3 adders (D:2)
  2 oozes
  A worm (D:3)
  3 dart slugs (D:1)
  7 orcs
  12 bats
  4 giant cockroaches
  7 goblins
  10 hobgoblins
  2 ball pythons
  A frilled lizard (D:1)
  10 kobolds
  8 rats
73 creatures vanquished.

Vanquished Creatures (others)
  2 rats (D:2)
2 creatures vanquished.

Grand Total: 75 creatures vanquished

Notes
Turn   | Place    | Note
-------+----------+-------------------------------------------
     0 | Abyss:1  | Schiappus the Demonspawn Abyssal Knight began the quest for the Orb.
     0 | Abyss:1  | Reached XP level 1. HP: 18/18 MP: 2/2
    36 | Abyss:1  | Noticed a thrashing horror
    36 | Abyss:1  | Noticed an eye of draining
    39 | Abyss:1  | Noticed an apocalypse crab
    40 | D:1      | Escaped the Abyss
   414 | D:1      | Reached skill level 1 in Dodging
   432 | D:1      | Gained mutation: You are partially covered in large bone plates. (SH +4) [demonic ancestry]
   432 | D:1      | Reached XP level 2. HP: 18/24 MP: 3/3
   896 | D:1      | Reached * piety under Lugonu
   979 | D:1      | HP: 1/24 [dart slug/slug dart (4)]
   980 | D:1      | Reached XP level 3. HP: 1/29 MP: 4/4
  1979 | D:2      | Reached XP level 4. HP: 35/37 MP: 5/5
  2083 | D:2      | Found a white marble altar of Elyvilon.
  2111 | D:2      | Found a hide-covered altar of Uskayaw.
  2354 | D:2      | Found a runed door.
  2358 | D:2      | Noticed Crazy Yiuf
  2371 | D:2      | Killed Crazy Yiuf
  2371 | D:2      | Reached skill level 1 in Shields
  2637 | D:3      | Found a snail-covered altar of Cheibriados.
  2827 | D:3      | Reached XP level 5. HP: 31/42 MP: 6/6
  2838 | D:3      | Reached ** piety under Lugonu
  3254 | D:3      | Found a radiant altar of Vehumet.
  3395 | D:3      | Noticed Terence
  3418 | D:3      | Killed Terence
  3423 | D:3      | Found a sacrificial altar of Ru.
  3559 | D:4      | Noticed a phantom
  3562 | D:4      | Noticed Eustachio
  3578 | D:4      | Killed from afar by an orc wizard

Skill      XL: |  1  2  3  4 |
---------------+-------------+-----
Axes           | 2 3 |  3.3
Dodging        | 1 |  1.5
Armour         | 2 |  2.7
Shields        | 1 |  1.6
Fighting       | |  3.9
Stealth        | |  0.4
Invocations    | |  2.4

Action                   |  1- 3 |  4- 6 || total
-------------------------+-------+-------++-------
Melee: Hand axe          |   154 |   155 ||   309
Invok: Depart the Abyss  |     1 |       ||     1
       Bend Space        |       |     1 ||     1
  Use: Scroll            |     5 |     2 ||     7
  Eat: Chunk             |     4 |     5 ||     9
Armor: Leather armour    |    56 |       ||    56
       Ring mail         |    17 |    23 ||    40
Dodge: Dodged            |   124 |    61 ||   185
Block: Buckler           |    83 |    73 ||   156
